 Dungeon Crawl Stone Soup version 0.22-a0-433-gd2a9cce (webtiles) character file.

4195 KristoblXynda the Thaumaturge (level 10, -2/68 (69) HPs)
             Began as a Purple Draconian Venom Mage on May 28, 2018.
             Was a Believer of Yredelemnul.
             Slain by a two-headed ogre
             ... wielding a +0 giant club
              (16 damage)
             ... on level 8 of the Dungeon.
             The game lasted 00:22:12 (8757 turns).

KristoblXynda the Thaumaturge (DrVM)                Turns: 8757, Time: 00:22:14

HP:   -2/68 (69)    AC: 12    Str: 11    XL:     10   Next: 8%
MP:   11/20         EV: 12    Int: 17    God:    Yredelemnul [**....]
Gold: 261           SH:  0    Dex: 13    Spells: 23/27 levels left

rFire    . . .     SeeInvis .   n - +1 war axe (chop)
rCold    . . .     Gourm    .   (no shield)
rNeg     . . .     Faith    .   (armour unavailable)
rPois    .         Spirit   .   (helmet restricted)
rElec    .         Reflect  .   (no cloak)
rCorr    .         Harm     .   e - +1 pair of gloves
MR       +....                  i - +2 pair of boots
Stlth    ++........             a - amulet of regeneration
HPRegen  0.61/turn              (no ring)
MPRegen  0.17/turn              (no ring)

@: no status effects
A: breathe power, unfitting armour, stinger 1, low mp 1, cold-blooded, AC +7
a: Breathe Dispelling Energy, Animate Remains, Recall Undead Slaves, Injury
Mirror, Renounce Religion


You were on level 8 of the Dungeon.
You worshipped Yredelemnul.
Yredelemnul was pleased with you.
You were not hungry.

You visited 2 branches of the dungeon, and saw 9 of its levels.
You also visited: Sewer.

You collected 261 gold pieces.

Inventory:

Hand Weapons
 n - a +1 war axe of chopping (weapon)
 q - a +2 whip of freezing
Armour
 e - a +1 pair of gloves (worn)
 i - a +2 pair of boots (worn)
Jewellery
 a - an amulet of regeneration (around neck)
Wands
 l - a wand of paralysis (5)
 s - a wand of iceblast (2)
 t - a wand of acid (2)
Scrolls
 c - a scroll of immolation
 f - 2 scrolls of amnesia
 g - a scroll of enchant armour
 h - 8 scrolls of teleportation
 j - 5 scrolls of remove curse
 k - a scroll of blinking
 o - 2 scrolls of enchant weapon
 p - a scroll of identify
Potions
 d - 2 potions of curing
 m - a potion of berserk rage {unknown}
 r - a potion of resistance
 u - 2 potions of invisibility
 w - a potion of heal wounds
Comestibles
 b - 6 rations
 v - 4 chunks of flesh


   Skills:
 - Level 5.3(5.6) Axes
 - Level 2.3(4.1) Maces & Flails
 - Level 1.7 Dodging
 - Level 1.7 Stealth
 + Level 9.0 Spellcasting
 + Level 8.0 Conjurations
 - Level 4.0 Poison Magic
 + Level 4.9 Invocations
 + Level 4.8 Evocations


You had 23 spell levels left.
You knew the following spells:

 Your Spells              Type           Power        Failure   Level  Hunger
a - Sting                 Conj/Pois      ####         1%          1    None
b - Mephitic Cloud        Conj/Pois/Air  ###.....     5%          3    None

Your spell library contained the following spells:

 Spells                   Type           Power        Failure   Level  Hunger
 Apportation              Tloc           #.....       10%         1    None
 Lightning Bolt           Conj/Air       ###.......   45%         5    #####..
 Venom Bolt               Conj/Pois      ####......   22%         5    #####..
 Olgreb's Toxic Radiance  Pois           ###.....     19%         4    ###....
 Summon Small Mammal      Summ           #...         10%         1    None
 Animate Skeleton         Necr           N/A          10%         1    None
 Shock                    Conj/Air       ###.         1%          1    None
 Swiftness                Chrm/Air       #.......     14%         2    None
 Airstrike                Air            #.........   67%         4    ###....
 Confusing Touch          Hex            #.....       10%         1    None
 Static Discharge         Conj/Air       ###.....     5%          3    None
 Poisonous Vapours        Pois/Air       ##....       6%          2    None


Dungeon Overview and Level Annotations

Branches:
Dungeon (8/15)             Temple (1/1) D:5
   Lair: D:8-11

Altars:
Ashenzari
Cheibriados
Dithmenos
Elyvilon
Fedhas
Gozag
Hepliaklqana
Kikubaaqudgha
Makhleb
Nemelex Xobeh
Okawaru
Qazlal
Ru
Sif Muna
Trog
Uskayaw
Vehumet
Wu Jian
Xom
Yredelemnul
Zin
The Shining One

Shops:
D:7 =

Annotations:
D:4 DEFE's ghost, amateur SpFi


Innate Abilities, Weirdness & Mutations

You can breathe bolts of dispelling energy.
Your rich purple scales are hard. (AC +7)
You cannot fit into any form of body armour.
You are cold-blooded and may be slowed by cold attacks.
Your tail ends in a poisonous barb.
Your magical capacity is low. (-10% MP)


Message History

The two-headed ogre is severely wounded.
Casting: Sting (safe; 1% risk of failure)
Confirm with . or Enter, or press ? or * to list all spells.
Aiming: Sting (safe; 1% risk of failure)
Press: ? - help, Shift-Dir - straight line, f/p - two-headed ogre
Aim: a two-headed ogre, wielding two giant clubs (severely wounded, confused)
The sting hits the two-headed ogre.
The two-headed ogre is almost dead.
The two-headed ogre hits you with a giant club.
The two-headed ogre hits you but does no damage.
You completely miss the two-headed ogre.
The two-headed ogre is almost dead.
You barely miss the two-headed ogre.
The two-headed ogre is almost dead.
The two-headed ogre seems less confused.
The two-headed ogre hits you with a giant club!
* * * LOW HITPOINT WARNING * * *
The two-headed ogre hits you with a giant club!
You die...
Your body rises from the dead as a mindless zombie.

#.......#.# #.##.## #
#.#######.# #.##..# # #.#
#.###.### #.# #........
#.# #######.## #.#
.......... #.####
#######))) #....####.#
#..# #....'@...#
########).#
##...#O.....#.........#
.......'...<..#.#######)#
#.##..###................#
#.... .........#...#....
...... ######..###.###.#.
####... ......#...#....
!.. #....._.....#
#...#...#...#


You could see a two-headed ogre.

Vanquished Creatures
  A two-headed ogre (D:8)
  Pikel (D:7)
  A hippogriff (D:7)
  Sigmund (D:5)
  Menkaure (D:5)
  Purgy (Sewer)
  A necrophage (D:7)
  2 ogres
  A black bear (D:7)
  An ice beast (D:6)
  2 slaves (D:7)
  3 sky beasts
  A centaur (D:7)
  A bullfrog (D:7)
  A gnoll sergeant (D:8)
  A wyvern zombie (D:7)
  A wyvern skeleton (D:7)
  3 killer bees (D:7)
  4 wights (D:6)
  A crimson imp (D:6)
  4 hounds
  3 orc priests
  A bullfrog skeleton (D:6)
  15 orc wizards
  An iron imp (D:7)
  2 iguanas
  6 worker ants
  7 gnolls
  13 adders
  A howler monkey skeleton (D:6)
  A shadow imp (D:7)
  An ooze (D:4)
  2 adder skeletons
  7 worms
  2 dart slugs
  4 leopard geckos
  29 orcs
  3 giant cockroaches
  4 goblins
  8 hobgoblins
  7 jackals
  2 quokkas
  2 ball pythons
  6 bats
  8 frilled lizards
  3 goblin skeletons (D:7)
  3 hobgoblin zombies (D:7)
  A jackal skeleton (D:4)
  7 kobolds
  A kobold skeleton (D:7)
  A kobold zombie (D:7)
  9 rats
193 creatures vanquished.

Vanquished Creatures (others)
  A centaur (D:7)
  A bullfrog (D:7)
  An orc wizard (D:7)
  An orc (D:7)
4 creatures vanquished.

Grand Total: 197 creatures vanquished

Notes
Turn   | Place    | Note
-------+----------+-------------------------------------------
     0 | D:1      | KristoblXynda the Draconian Venom Mage began the quest for the Orb.
     0 | D:1      | Reached XP level 1. HP: 14/14 MP: 3/3
   377 | D:1      | Reached XP level 2. HP: 10/20 MP: 0/5
  1328 | D:2      | Reached XP level 3. HP: 14/26 MP: 6/6
  1836 | D:2      | Learned a level 3 spell: Mephitic Cloud
  2502 | D:3      | Reached XP level 4. HP: 27/33 MP: 5/8
  2503 | D:3      | Noticed an ice beast
  2516 | D:3      | HP: 1/33 [ice beast (13)]
  2748 | D:3      | Found a burning altar of Makhleb.
  2789 | D:3      | Reached skill level 1 in Maces & Flails
  2841 | D:3      | Reached skill level 3 in Spellcasting
  3047 | D:3      | Reached XP level 5. HP: 29/38 MP: 6/9
  3863 | D:4      | Noticed DEFE's ghost (amateur SpFi)
  3960 | D:3      | Reached XP level 6. HP: 25/45 MP: 11/11
  4003 | D:4      | Reached skill level 1 in Axes
  4304 | D:4      | Reached skill level 4 in Spellcasting
  4570 | D:5      | Entered Level 5 of the Dungeon
  4603 | D:5      | Noticed a sky beast
  4617 | D:5      | Killed a sky beast
  4617 | D:5      | Your scales start taking on a rich purple colour.
  4617 | D:5      | Reached skill level 5 in Spellcasting
  4617 | D:5      | Reached XP level 7. HP: 50/50 MP: 0/14
  4625 | D:5      | Noticed Sigmund
  4670 | D:5      | Killed Sigmund
  4798 | D:5      | Found a glowing drain.
  4802 | Sewer    | Entered a sewer
  4842 | Sewer    | Noticed Purgy
  4849 | Sewer    | Killed Purgy
  4849 | Sewer    | Reached skill level 6 in Spellcasting
  4849 | Sewer    | Reached skill level 5 in Conjurations
  4947 | Sewer    | Gained mutation: Your magical capacity is low. (-10% MP) [potion of mutation]
  4947 | Sewer    | Gained mutation: Your tail ends in a poisonous barb. [potion of mutation]
  5047 | D:5      | Found a blossoming altar of Fedhas.
  5049 | D:5      | Noticed Menkaure
  5065 | D:5      | Killed Menkaure
  5065 | D:5      | Reached XP level 8. HP: 28/57 MP: 15/15
  5145 | D:5      | Found a hide-covered altar of Uskayaw.
  5146 | D:5      | Found an ancient bone altar of Kikubaaqudgha.
  5146 | D:5      | Found a basalt altar of Yredelemnul.
  5147 | D:5      | Found a white marble altar of Elyvilon.
  5147 | D:5      | Found a shattered altar of Ashenzari.
  5251 | D:5      | Became a worshipper of Yredelemnul the Dark
  5517 | D:5      | Found an iron altar of Okawaru.
  5721 | D:5      | Found a staircase to the Ecumenical Temple.
  5942 | Temple   | Entered the Ecumenical Temple
  6702 | D:6      | Reached skill level 7 in Spellcasting
  6708 | D:6      | Reached skill level 5 in Axes
  7154 | D:7      | Reached skill level 1 in Invocations
  7154 | D:7      | Reached skill level 1 in Evocations
  7160 | D:7      | Reached XP level 9. HP: 25/62 MP: 18/18
  7170 | D:7      | Reached * piety under Yredelemnul
  7375 | D:7      | Found Vicij's Jewellery Emporium.
  7502 | D:7      | Reached skill level 8 in Spellcasting
  7508 | D:7      | Noticed Pikel
  7557 | D:7      | Killed Pikel
  7684 | D:7      | Found a glowing golden altar of the Shining One.
  8012 | D:7      | Reached ** piety under Yredelemnul
  8461 | D:8      | Found a radiant altar of Vehumet.
  8564 | D:8      | Noticed a two-headed ogre
  8596 | D:8      | Killed a two-headed ogre
  8596 | D:8      | Reached skill level 9 in Spellcasting
  8596 | D:8      | Reached XP level 10. HP: 29/68 MP: 18/20
  8741 | D:8      | Noticed a two-headed ogre
  8757 | D:8      | Slain by a two-headed ogre

Vault maps used:
D:1:      dpeg_arrival_fog
D:3:      lemuel_round_altar, first_ration
D:5:      marbit_many_paths, grunt_temple_overflow_open,
          minmay_temple_entry_glass, gup_sewer_entry_spiral, uniq_sigmund,
          uniq_menkaure
D:7:      minmay_flawed_box, serial_shops, shop, nicolae_tso_besieged_by_evil,
          uniq_pikel
D:8:      vehumet_crystals
Temple:   minmay_temple_forest_path
Sewer:    sewer_co_purgy_island

Skill      XL: |  1  2  3  4  5  6  7  8  9 |
---------------+----------------------------+-----
Conjurations   | 2 3 4 5 6 8 |  8.0
Maces & Flails | 1 2 |  2.3
Spellcasting   | 3 5 6 7 9 |  9.0
Poison Magic   | 4 |  4.0
Axes           | 2 4 5 |  5.3
Invocations    | 1 4 |  4.9
Evocations     | 1 4 |  4.8
Dodging        | |  1.7
Stealth        | |  1.7

Action                   |  1- 3 |  4- 6 |  7- 9 | 10-12 || total
-------------------------+-------+-------+-------+-------++-------
Melee: Unarmed           |    65 |       |       |       ||    65
       Tailslap          |    13 |    10 |    38 |     1 ||    62
       Whip              |    65 |   101 |    65 |       ||   231
       War axe           |       |     7 |   306 |    17 ||   330
 Cast: Sting             |    47 |   106 |    31 |     5 ||   189
       Mephitic Cloud    |       |     2 |    10 |     2 ||    14
 Abil: Breathe Dispellin |       |       |     1 |       ||     1
Evoke: Wand              |       |       |     6 |       ||     6
  Use: Scroll            |     3 |     7 |     8 |       ||    18
       Potion            |       |     2 |     1 |       ||     3
 Stab: Sleeping          |     1 |       |     4 |       ||     5
       Paralysed         |       |       |     5 |       ||     5
       Confused          |       |       |     3 |     2 ||     5
  Eat: Chunk             |     4 |     5 |     5 |       ||    14
       Ration            |     1 |       |     3 |       ||     4
Armor: Skin              |    37 |    60 |   132 |     5 ||   234
Dodge: Dodged            |    70 |   107 |   221 |     9 ||   407

Table legend:
 A = Spawn XP
 B = Non-spawn XP
 C = Spawn XP percentage of total XP
 D = Spawn monster count
 E = Non-spawn monster count
 F = Spawn count percentage of total count
 G = Total turns spent on level
                    A         B        C        D         E        F      G
               +---------+---------+-------+---------+---------+-------+---------
         Total |       0 |    5993 |   0.0 |       0 |     192 |   0.0 |  8757
               +---------+---------+-------+---------+---------+-------+---------
           D:1 |       0 |      24 |   0.0 |       0 |      15 |   0.0 |  1036
           D:2 |       0 |      56 |   0.0 |       0 |      19 |   0.0 |  1133
           D:3 |       0 |     251 |   0.0 |       0 |      34 |   0.0 |  1521
           D:4 |       0 |     387 |   0.0 |       0 |      28 |   0.0 |   880
           D:5 |       0 |     859 |   0.0 |       0 |      15 |   0.0 |  1225
           D:6 |       0 |     790 |   0.0 |       0 |      23 |   0.0 |   797
           D:7 |       0 |    2317 |   0.0 |       0 |      37 |   0.0 |  1344
           D:8 |       0 |    1165 |   0.0 |       0 |      13 |   0.0 |   299
         Sewer |       0 |     144 |   0.0 |       0 |       8 |   0.0 |   170
               +---------+---------+-------+---------+---------+-------+---------
